 Dungeon Crawl Stone Soup version 0.31-a0-1576-ga3383bade6 (webtiles) character file.

Game seed: 7017986088780955581

1347 zenocrate the Sneak (level 8, -5/38 HPs)
             Began as a Vine Stalker Enchanter on Jan 4, 2024.
             Was an Initiate of Gozag.
             Killed from afar by an electric eel (11 damage)
             ... with a bolt of electricity
             ... on level 6 of the Dungeon.
             The game lasted 00:06:33 (4780 turns).

zenocrate the Sneak (Vine Stalker Enchanter)        Turns: 4780, Time: 00:06:33

Health: -5/38      AC:  4    Str: 11    XL:     8   Next: 62%
Magic:  0/21       EV: 13    Int: 17    God:    Gozag
Gold:   366        SH:  0    Dex: 15    Spells: 0/11 levels left

rFire   . . .        a - +1 dagger (drain)
rCold   . . .        (no shield)
rNeg    . . .        y - +0 robe
rPois   .            (no helmet)
rElec   .            u - +1 cloak {rCorr}
rCorr   +            (no gloves)
SInv    .            (no boots)
Will    ++...        (no amulet)
Stlth   ++           s - ring of willpower
HPRegen 1.06/turn    w - ring of magical power
MPRegen 0.17/turn

%: guardian spirit
@: about to teleport, very slow
A: fangs 3, regeneration 1, magic shield, antimagic bite, no potion heal 2
a: Renounce Religion, Potion Petition, Call Merchant, Bribe Branch


You were on level 6 of the Dungeon.
You worshipped Gozag.
Gozag was aware of your devotion.
You visited 1 branch of the dungeon, and saw 6 of its levels.

You collected 540 gold pieces.
You spent 132 gold pieces at shops.
You paid 42 gold pieces to Gozag.

Inventory:

Hand Weapons
 a - a +1 dagger of draining (weapon)
 b - a +1 short sword of protection
 h - a +1 dagger
Missiles
 f - 6 javelins
 A - 2 throwing nets
Armour
 u - a +1 cloak of preservation (worn)
 y - a +0 robe (worn)
Jewellery
 s - a ring of willpower (left hand)
 w - a ring of magical power (right hand)
 x - a ring of positive energy
Wands
 q - a wand of polymorph (5)
 t - a wand of flame (10)
Scrolls
 i - a scroll of noise {unknown}
 j - 2 scrolls of poison {unknown}
 l - a scroll of enchant armour {unknown}
 o - a scroll of enchant weapon {unknown}
 p - a scroll of fog {unknown}
 r - 2 scrolls of teleportation
 v - 2 scrolls of fear {unknown}
 z - a scroll of blinking {unknown}
Potions
 c - 2 potions of invisibility
 d - a potion of resistance
 e - 5 potions of curing
 g - a potion of lignification
 k - 2 potions of heal wounds {unknown}
 m - a potion of brilliance {unknown}
 n - a potion of degeneration {unknown}


   Skills:
 + Level 1.6 Fighting
 + Level 4.0 Short Blades
 - Level 3.3 Dodging
 + Level 6.9 Stealth
 - Level 2.1 Spellcasting
 + Level 5.4 Hexes
 - Level 3.3 Ice Magic
 + Level 3.0 Evocations


You couldn't memorise any spells.
You knew the following spells:

 Your Spells              Type           Power      Damage    Failure   Level
a - Ensorcelled Hibernat  Hex/Ice        32%        N/A       4%          2
b - Confusing Touch       Hex            20%        N/A       6%          3
c - Tukima's Dance        Hex            20%        N/A       6%          3
d - Dazzling Flash        Conj/Hex       22%        N/A       19%         3

Your spell library contained the following spells:

 Spells                   Type           Power      Damage    Failure   Level
 Slow                     Hex            80%        N/A       1%          1
 Sigil of Binding         Hex            20%        N/A       6%          3
 Frozen Ramparts          Ice            26%        1d4       14%         3
 Hailstorm                Conj/Ice       7%         3d5       28%         3
 Summon Ice Beast         Ice/Summ       7%         N/A       28%         3
 Stone Arrow              Conj/Erth      2%         3d7       50%         3
 Vampiric Draining        Necr           1%         2d6       50%         3
 Metabolic Englaciation   Hex/Ice        8%         N/A       65%         5
 Summon Mana Viper        Hex/Summ       11%        N/A       87%         5
 Animate Armour           Summ/Erth      2%         N/A       88%         4
 Leda's Liquefaction      Alch/Erth      0%         N/A       88%         4
 Petrify                  Alch/Erth      1%         N/A       88%         4
 Monstrous Menagerie      Summ           0%         N/A       100%        7
 Lehudib's Crystal Spear  Conj/Erth      0%         10d2      100%        8
 Sculpt Simulacrum        Ice/Alch       Unusable   N/A       N/A         6

Dungeon Overview and Level Annotations

Branches:
Dungeon (6/15)
 Temple: D:4-7

Altars:
Gozag
Makhleb
Trog
Vehumet
The Shining One

Shops:
D:1 (


Innate Abilities, Weirdness & Mutations

You have razor-sharp teeth.
Your natural rate of healing is unusually fast.
When hurt, damage is shared between your health and your magic reserves.
Your bite disrupts and absorbs the magic of your enemies.
Potions cannot restore your health.


Message History

The steam dragon is moderately wounded.
The steam dragon breathes steam at you. The ball of steam hits you!
You hear an angry growl.
You hear a shout!
Unknown command.
An electric eel comes into view.
The electric eel shoots out a bolt of lightning at you!
The bolt of electricity hits you. The steam dragon closely misses you. x2
The electric eel shoots out a bolt of lightning at you!
The bolt of electricity hits you! The steam dragon breathes steam at you.
The ball of steam misses you.
The ball of steam hits the plant!!
The plant begins to die.
The plant is engulfed in a cloud of scalding steam. x2
The plant begins to die.
The steam dragon bites you but does no damage.
The steam dragon closely misses you.
A black bear comes into view.
Unknown command.
Unknown command.
Okay, then.
As you read the scroll of teleportation, it crumbles to dust.
You feel strangely unstable.
The plant is engulfed in a cloud of scalding steam.
The plant begins to die.
The steam dragon bites you.
The steam dragon claws you but does no damage.
The electric eel shoots out a bolt of lightning at you!
The bolt of electricity hits the plant!
The plant begins to die.
The bolt of electricity hits you!
* * * LOW HITPOINT WARNING * * *
The bolt of electricity hits the plant!
The plant begins to die.
A nearby plant withers and dies. x2
The steam dragon attacks as it pursues you!
The steam dragon barely misses you. The steam dragon claws you.
* * * LOW HITPOINT WARNING * * *
The electric eel shoots out a bolt of lightning at you!
The bolt of electricity hits the plant!
The plant begins to die.
The bolt of electricity hits you!
You die...
Your body crumbles into a pile of gold.

##.............#.....
#.........#...##..#..
#......?.#........%.
♣♣♣♣♣~.§##...##...
P~~♣~~♣§.##..#....
~~~~~≈P§♣♣♣...!...
~~~~≈≈≈$~~~♣~....
P~~~~≈~≈DP~~~P...
~PP~~~~≈~@P~~~♣.
..P♣~~PP~~P~P♣...
...~..~.~~P♣♣....
............ .#.
..S.......... .
~~~P~~P.h..##>
~~~~~P~~### ..
♣♣~~~~. ..


You could see a steam dragon (catching breath, very drained), a black bear and
an electric eel.

Vanquished Creatures
  Grinder (D:5)
  Sigmund (D:2)
  2 ogres (D:5)
  A gnoll sergeant (D:4)
  A brain worm (D:4)
  4 scorpions
  An electric eel (D:6)
  A howler monkey (D:4)
  A bombardier beetle (D:5)
  A hound (D:5)
  Crazy Yiuf (D:2)
  Jessica (D:2)
  A sleepcap (D:4)
  5 adders
  10 gnolls
  A dart slug (D:1)
  2 ribbon worms
  9 orcs
  9 ball pythons
  7 endoplasms
  2 giant cockroaches
  A goblin (D:4)
  3 hobgoblins
  8 jackals
  2 quokkas
  11 bats
  2 frilled lizards
  4 kobolds
  6 rats
99 creatures vanquished.

Notes
Turn   | Place    | Note
-------+----------+-------------------------------------------
     0 | D:1      | zenocrate the Vine Stalker Enchanter began the quest for
                  | the Orb.
     0 | D:1      | Reached XP level 1. HP: 9/9 MP: 4/4
    49 | D:1      | Reached skill level 1 in Short Blades
    97 | D:1      | Reached XP level 2. HP: 12/13 MP: 3/6
   103 | D:1      | Learned a level 2 spell: Ensorcelled Hibernation
   135 | D:1      | Found Nerixzic's Antique Weapon Shop.
   206 | D:1      | Reached skill level 4 in Stealth
   369 | D:1      | Found a faded altar of an unknown god.
   405 | D:1      | Reached XP level 3. HP: 13/16 MP: 2/7
   556 | D:1      | Learned a level 3 spell: Confusing Touch
   613 | D:2      | Noticed Sigmund
   627 | D:2      | Killed Sigmund
   628 | D:2      | Reached skill level 1 in Ice Magic
   628 | D:2      | Reached XP level 4. HP: 21/21 MP: 4/8
   628 | D:2      | Reached XP level 5. HP: 24/24 MP: 4/9
   632 | D:2      | Learned a level 3 spell: Tukima's Dance
   779 | D:2      | Found a runed translucent door.
   780 | D:2      | Noticed Crazy Yiuf
   876 | D:2      | Reached skill level 5 in Stealth
  1035 | D:2      | Reached XP level 6. HP: 28/28 MP: 10/10
  1290 | D:2      | Noticed Jessica
  1316 | D:2      | Killed Jessica
  1545 | D:2      | Killed Crazy Yiuf
  1561 | D:2      | Identified the +4 hammer of the Hated {freeze, rF- rC+++
                  | Will- Dex+3}
  1562 | D:2      | Identified the +7 hammer of Departure {flame, rCorr}
  2169 | D:3      | Found a radiant altar of Vehumet.
  2222 | D:3      | Found an opulent altar of Gozag.
  2316 | D:3      | Found a burning altar of Makhleb.
  2357 | D:3      | Became a worshipper of Gozag Ym Sagoz the Greedy
  2613 | D:4      | Reached skill level 1 in Evocations
  2998 | D:4      | Reached XP level 7. HP: 32/32 MP: 11/11
  3289 | D:1      | Bought a runed short sword for 132 gold pieces
  3539 | D:4      | Found a bloodstained altar of Trog.
  3776 | D:5      | Entered Level 5 of the Dungeon
  3881 | D:5      | Noticed Grinder
  3908 | D:5      | Killed Grinder
  3909 | D:5      | Reached skill level 6 in Stealth
  3909 | D:5      | Gained mutation: You have razor-sharp teeth. [Vine Stalker
                  | growth]
  3909 | D:5      | Reached XP level 8. HP: 24/36 MP: 12/12
  3913 | D:5      | Learned a level 3 spell: Dazzling Flash
  3996 | D:5      | Reached skill level 5 in Hexes
  4141 | D:5      | Reached skill level 1 in Fighting
  4572 | D:5      | Found a glowing golden altar of the Shining One.
  4780 | D:6      | Killed from afar by an electric eel

Illustrated notes

Levels and vault maps discovered:
D:1:      dpeg_arrival_ternary, layout_rooms,
          dreamdust_ecumenical_altar_sealed_demon, serial_shops,
          nicolae_shop_advertising_works [nicolae_subvault_shop_adworks]
D:2:      layout_basic, minmay_nonomino_d4, uniq_sigmund, uniq_jessica,
          uniq_crazy_yiuf_cottage
D:3:      layout_loops_cross, mainiacjoe_overflow_cross_hatched,
          mainiacjoe_overflow_alcove_1, lemuel_coloured_pillars_altar
D:4:      layout_loops_ring, trog_antimagical
D:5:      layout_basic, nicolae_tso_carved_into_rock, minivault_23, uniq_grinder
D:6:      layout_cave_pools, nemelex_spade_bored_becter,
          mainiacjoe_overflow_concentric_impassable, minmay_temple_entry_tees,
          serial_bayou, serial_bayou_lagoon_a, serial_bayou_lagoon_b,
          serial_bayou_pond_e, serial_bayou_ford_a, uniq_menkaure

Skill      XL: |  1  2  3  4  5  6  7  8 |
---------------+-------------------------+-----
Short Blades   | 1 2 3 4 |  4.0
Stealth        | 4 5 6 |  6.9
Dodging        | 2 3 |  3.3
Ice Magic      | 1 2 3 |  3.3
Hexes          | 4 5 |  5.4
Evocations     | 1 2 3 |  3.0
Fighting       | 1 |  1.6
Spellcasting   | |  2.1

Action                     |  1- 3 |  4- 6 |  7- 9 || total
---------------------------+-------+-------+-------++-------
  Melee: Dagger            |    69 |   144 |    63 ||   276
         Bite              |    12 |    39 |    31 ||    82
         Punch             |       |     2 |     1 ||     3
         Short sword       |       |       |    49 ||    49
   Cast: Ensorcelled Hiber |     2 |    23 |    24 ||    49
         Confusing Touch   |     1 |       |     5 ||     6
    Use: Potion            |       |     1 |     1 ||     2
         Scroll            |       |       |     5 ||     5
   Stab: Sleeping          |     6 |    18 |    17 ||    41
         Confused          |     1 |       |     6 ||     7
         Invisible         |       |     1 |       ||     1
 Armour: Robe              |    26 |    93 |    61 ||   180
  Dodge: Dodged            |    54 |    74 |    69 ||   197

Table legend: (Time is in decaauts)
 A = Elapsed time spent in this place.
 B = Non-inter-level travel time spent in this place.
 C = Inter-level travel time spent in this place.
 D = Time resting spent in this place.
 E = Time spent auto-exploring this place.
 F = Levels seen in this place.
 G = Mean time per level.
                   A        B        C        D        E       F      G
               +--------+--------+--------+--------+--------+-----+--------+
         Total |   4747 |   4484 |    263 |     22 |   3440 |   6 |  791.2 |
       Dungeon |   4747 |   4484 |    263 |     22 |   3440 |   6 |  791.2 |
               +--------+--------+--------+--------+--------+-----+--------+

Top non-repeatable levels by time:
     D:4: 1231 daAuts
     D:2: 1166 daAuts
     D:3: 894 daAuts
     D:5: 811 daAuts
     D:1: 613 daAuts
     D:6: 29 daAuts
